 Dungeon Crawl Stone Soup version 0.28-a0-178-ga708605c5b (webtiles) character file.

Game seed: 3759369687624347968

68 frimble the Skirmisher (level 4, -5/38 HPs)
             Began as a Minotaur Warper on Aug 17, 2021.
             Slain by an orc priest (7 damage)
             ... on level 3 of the Dungeon.
             The game lasted 00:02:41 (2507 turns).

frimble the Skirmisher (Minotaur Warper)            Turns: 2507, Time: 00:02:42

Health: -5/38      AC:  4    Str: 15    XL:     4   Next: 1%
Magic:  0/5        EV: 12    Int: 11    God:
Gold:   92         SH:  0    Dex: 16    Spells: 3/5 levels left

rFire   + . .      SeeInvis .   a - +0 falchion
rCold   x . .      Faith    .   (no shield)
rNeg    . . .      Spirit   +   b - +1 leather armour
rPois   .          Reflect  .   (helmet restricted)
rElec   .          Harm     .   (no cloak)
rCorr   .          Rampage  .   (no gloves)
Will    .....                   (no boots)
Stlth   +.........              f - amulet of guardian spirit
HPRegen 0.12/turn               e - +6 ring of dexterity
MPRegen 0.09/turn               j - ring of fire

@: flying
A: horns 2, retaliatory headbutt
a: no special abilities


You were on level 3 of the Dungeon.
You visited 1 branch of the dungeon, and saw 4 of its levels.

You collected 180 gold pieces.
You spent 88 gold pieces at shops.

Inventory:

Hand Weapons
 a - a +0 falchion (weapon)
Missiles
 d - 5 boomerangs of dispersal
 p - 4 curare-tipped darts (quivered)
Armour
 b - a +1 leather armour (worn)
Jewellery
 e - a +6 ring of dexterity (left hand)
 f - an amulet of guardian spirit (around neck)
 j - a ring of fire (right hand)
Scrolls
 c - a scroll of blinking
 i - a scroll of identify
Potions
 l - a potion of attraction {unknown}
 m - a potion of lignification {unknown}


   Skills:
 + Level 3.3 Fighting
 + Level 3.3 Long Blades
 + Level 2.1 Throwing
 - Level 1.2 Armour
 + Level 3.0 Dodging
 - Level 1.3 Spellcasting
 - Level 2.1 Translocations


You had 3 spell levels left.
You knew the following spells:

 Your Spells              Type           Power      Damage    Failure   Level
a - Blink                 Tloc           N/A        N/A       24%         2

Your spell library contained the following spells:

 Spells                   Type           Power      Damage    Failure   Level
 Gell's Gravitas          Tloc           2%         N/A       43%         3
 Lesser Beckoning         Tloc           2%         N/A       43%         3
 Teleport Other           Tloc           5%         N/A       43%         3
 Manifold Assault         Tloc           5%         N/A       99%         5


Dungeon Overview and Level Annotations

Branches:
Dungeon (4/15)
 Temple: D:4-7

Altars:

Shops:
D:2 !

Annotations:
D:3 Natasha, Robin


Innate Abilities, Weirdness & Mutations

You have a pair of horns on your head.
You reflexively headbutt those who attack you in melee.


Message History

You climb upwards.
Level annotation: Natasha, Robin Reactivating autopickup.
Natasha casts a spell.
There is a stone staircase leading down here.
You closely miss the orc priest. Your headbutt misses the orc priest.
The orc priest closely misses you.
You hit the orc priest but do no damage.
The orc priest hits you with a +0 flail of protection.
* * * LOW HITPOINT WARNING * * *
You aren't carrying any items that you can evoke.
Unknown command.
Unknown command.
Throw: 5 darts (curare)
Press: ? - help, Q - select action, (/) - cycle Shift-Dir - straight line, f - orc priest
Aim: an orc priest, wielding a +0 flail of protection and wearing a +0 ring mail (65% to hit)
You throw a curare-tipped dart.
The curare-tipped dart hits the orc priest.
The orc priest is poisoned.
The orc priest convulses.
The orc priest seems to slow down.
The orc priest is severely wounded.
The orc priest invokes the aid of Beogh against you.
Pain shoots through your body!
* * * LOW HITPOINT WARNING * * *
You hit the orc priest but do no damage.
The orc priest is almost dead.
Robin throws the goblin at you!
Natasha growls.
You feel better. The goblin hits you with a +0 dagger.
* * * LOW HITPOINT WARNING * * *
The crimson imp puffs mist at you.
The orc priest hits you with a +0 flail of protection.
* * * LOW HITPOINT WARNING * * *
It was a potion of flight.
You feel very buoyant.
You fly up into the air.
The goblin closely misses you.
You riposte.
You hit the goblin. Your headbutt misses the goblin.
The goblin is moderately wounded.
The orc priest hits you with a +0 flail of protection!
You die...

.#......##.#
##.....#######
.###..#.##.#
#......g.5...#
.###..#.##.#
#......#####.#
...........#
#(.....#####h#######
####..#.####
#.##.#.............#
......#.# #.
#..........#.##.#
####.##)# #
###.#####.## ..
...#.##.#
#.####g#####.# #..
##.#....#
#.g@oh5......# #
#.######
######.####### #.# #.#
##.####### #..
..<......##########..#
#...####.##..........#
.....# #.#..#######.##
.....# #....# ..#
.....# ###<.#


You could see Robin, an orc priest (very poisoned, slow), Natasha, a crimson imp
(summoned) and a goblin.

Vanquished Creatures
  2 adders (D:2)
  A dart slug (D:1)
  2 orcs (D:4)
  4 bats
  2 endoplasms
  2 giant cockroaches
  10 goblins
  4 hobgoblins
  2 quokkas (D:1)
  6 ball pythons
  4 frilled lizards
  3 kobolds
  3 rats
45 creatures vanquished.

Notes
Turn   | Place    | Note
-------+----------+-------------------------------------------
     0 | D:1      | frimble the Minotaur Warper began the quest for the Orb.
     0 | D:1      | Reached XP level 1. HP: 18/18 MP: 1/1
   103 | D:1      | Found a faded altar of an unknown god.
   413 | D:1      | Reached XP level 2. HP: 15/25 MP: 0/3
  1375 | D:2      | Reached XP level 3. HP: 29/31 MP: 2/4
  1446 | D:2      | Learned a level 2 spell: Blink
  1667 | D:2      | Found Nifysoab's Distillery.
  1677 | D:2      | Bought a potion of heal wounds for 55 gold pieces
  1677 | D:2      | Bought a potion of curing for 33 gold pieces
  2165 | D:3      | Noticed Natasha
  2166 | D:3      | Noticed Robin
  2494 | D:4      | Reached XP level 4. HP: 13/38 MP: 2/5
  2507 | D:3      | Slain by an orc priest

Illustrated notes

Levels and vault maps discovered:
D:1:      ebering_trefoil_3fold, layout_basic,
          hellmonk_ecumenical_altar_leap_of_faith
D:2:      layout_loops_ring, serial_shops, nicolae_lakefront_shop
D:3:      layout_loops_ring, uniq_robin, uniq_natasha
D:4:      layout_loops_ring

Skill      XL: |  1  2  3 |
---------------+----------+-----
Fighting       | 3 |  3.3
Long Blades    | 3 |  3.3
Throwing       | 2 |  2.1
Dodging        | 3 |  3.0
Armour         | |  1.2
Spellcasting   | |  1.3
Translocations | |  2.1

Action                   |  1- 3 |  4- 6 || total
-------------------------+-------+-------++-------
Melee: Falchion          |   105 |     3 ||   108
       Headbutt          |    12 |       ||    12
Throw: Dart              |       |     1 ||     1
  Use: Scroll            |     4 |       ||     4
       Potion            |     2 |     2 ||     4
Armor: Leather armour    |    39 |     1 ||    40
Dodge: Dodged            |    81 |     3 ||    84
       Rpst.: Falchion   |    19 |     1 ||    20

Table legend: (Time is in decaauts)
 A = Elapsed time spent in this place.
 B = Non-inter-level travel time spent in this place.
 C = Inter-level travel time spent in this place.
 D = Time resting spent in this place.
 E = Time spent auto-exploring this place.
 F = Levels seen in this place.
 G = Mean time per level.
                   A        B        C        D        E       F      G
               +--------+--------+--------+--------+--------+-----+--------+
         Total |   2532 |   2492 |     40 |      0 |   2178 |   4 |  633.0 |
       Dungeon |   2532 |   2492 |     40 |      0 |   2178 |   4 |  633.0 |
               +--------+--------+--------+--------+--------+-----+--------+

Top non-repeatable levels by time:
     D:1: 1379 daAuts
     D:2: 668 daAuts
     D:4: 281 daAuts
     D:3: 203 daAuts
